 Dungeon Crawl Stone Soup version 0.29.1-2-gbd0b4ee654 (webtiles) character file.

Game seed: 3006596672987925034

282 GeoRichter the Cudgeller (level 6, -5/47 HPs)
             Began as a Formicid Fighter on Nov 9, 2022.
             Was an Initiate of the Shining One.
             Slain by a gnoll
             ... wielding a +0 spear
              (6 damage)
             ... on level 3 of the Dungeon.
             The game lasted 00:03:12 (3261 turns).

GeoRichter the Cudgeller (Formicid Fighter)         Turns: 3261, Time: 00:03:13

Health: -5/47      AC:  6    Str: 22    XL:     6   Next: 54%
Magic:  6/6        EV:  6    Int:  8    God:    the Shining One [......]
Gold:   163        SH: 13    Dex: 13    Spells: 5/5 levels left

rFire   . . .      SeeInvis +   a - +0 flail
rCold   + . .      Faith    .   g - +0 tower shield
rNeg    . . .      Spirit   .   b - +0 scale mail
rPois   .          Reflect  .   (helmet unavailable)
rElec   .          Harm     .   (no cloak)
rCorr   .          Rampage  .   (no gloves)
Will    .....                   (no boots)
Stlth   ..........              (no amulet)
HPRegen 0.15/turn               j - ring of protection from cold
MPRegen 0.10/turn               (no ring)

@: glowing
A: permanent stasis, dig shafts and tunnels, antennae 3, four strong arms
a: Dig, Shaft Self, Renounce Religion


You were on level 3 of the Dungeon.
You worshipped the Shining One.
The Shining One was noncommittal.
You visited 1 branch of the dungeon, and saw 4 of its levels.

You collected 163 gold pieces.

Inventory:

Hand Weapons
 a - a +0 flail (weapon)
Armour
 b - a +0 scale mail (worn)
 g - a +0 tower shield (worn)
   (You found it on level 1 of the Dungeon)
Jewellery
 j - a ring of protection from cold (left hand)
   (You found it on level 1 of the Dungeon)
Scrolls
 c - a scroll of torment {unknown}
 f - 2 scrolls of identify {unknown}
 h - 3 scrolls of teleportation {unknown}
 l - a scroll of magic mapping {unknown}
 m - 2 scrolls of immolation {unknown}
 n - a scroll of enchant armour {unknown}
 p - a scroll of summoning {unknown}
 r - a scroll of brand weapon {unknown}
 u - 2 scrolls of poison {unknown}
 v - a scroll of vulnerability {unknown}
 w - a scroll of acquirement {unknown}
 x - a scroll of fog {unknown}
 y - a scroll of silence {unknown}
Potions
 d - a potion of attraction {unknown}
 e - 2 potions of cancellation {unknown}
 i - 2 potions of heal wounds {unknown}
 k - 3 potions of degeneration {unknown}
 q - a potion of brilliance {unknown}
 s - a potion of curing {unknown}
 t - a potion of flight {unknown}


   Skills:
 - Level 3.2 Fighting
 * Level 6.4 Maces & Flails
 - Level 3.2 Armour
 - Level 4.0 Shields


You had 5 spell levels left.
You didn't know any spells.
Your spell library contained the following spells:

 Spells                   Type           Power      Damage    Failure   Level
 Conjure Flame            Conj/Fire      0%         6-21      100%        3
 Ignite Poison            Fire/Tmut/Pois 0%         N/A       100%        3
 Sticky Flame             Conj/Fire      0%         2d3       100%        4


Dungeon Overview and Level Annotations

Branches:
Dungeon (4/15) Zot: 20684
 Temple: D:4-7

Altars:
Okawaru
The Shining One

Annotations:
D:2 1 runed translucent door, Crazy Yiuf


Innate Abilities, Weirdness & Mutations

You cannot be hasted, slowed, berserked, paralysed or teleported.
You can dig through walls and to a lower floor.
You have a pair of large antennae on your head. (SInv)
Your four strong arms can wield two-handed weapons with a shield.


Message History

A gnoll comes into view. It is wielding a +0 spear. x2
You see here 6 gold pieces.
There are monsters nearby!
There are monsters nearby!
You now have 163 gold pieces (gained 6).
The gnoll shouts! x2
There is a stone staircase leading up here.
You barely miss the gnoll. The gnoll hits you but does no damage.
You hit the gnoll but do no damage. The gnoll hits you with a +0 whip.
You block the gnoll's attack.
You closely miss the gnoll.
The gnoll hits you from afar with a +0 spear.
You block the gnoll's attack.
You barely miss the gnoll. You block the gnoll's attack.
You block the gnoll's attack. The gnoll hits you with a +0 whip.
The gnoll hits you but does no damage. The gnoll hits you with a +0 spear.
You climb upwards.
There is a stone staircase leading down here.
You hit the gnoll. The gnoll hits you with a +0 spear.
The gnoll hits you with a +0 whip. The gnoll hits you with a +0 spear.
* * * LOW HITPOINT WARNING * * *
The gnoll hits you with a +0 whip!
* * * LOW HITPOINT WARNING * * *
You closely miss the gnoll. The gnoll closely misses you.
The gnoll hits you with a +0 whip.
* * * LOW HITPOINT WARNING * * *
You closely miss the gnoll. You block the gnoll's attack. x2
You barely miss the gnoll. You block the gnoll's attack.
The gnoll hits you with a +0 whip.
* * * LOW HITPOINT WARNING * * *
The gnoll closely misses you. The gnoll hits you with a +0 whip.
* * * LOW HITPOINT WARNING * * *
You hit the gnoll. The gnoll hits you with a +0 spear.
* * * LOW HITPOINT WARNING * * *
You block the gnoll's attack.
You closely miss the gnoll. You block the gnoll's attack.
The gnoll closely misses you. You block the gnoll's attack.
The gnoll hits you with a +0 whip.
* * * LOW HITPOINT WARNING * * *
You hit the gnoll. The gnoll hits you but does no damage.
You block the gnoll's attack.
You closely miss the gnoll. The gnoll closely misses you.
You block the gnoll's attack.
Okay, then.
You hit the gnoll. You block the gnoll's attack.
The gnoll hits you but does no damage. You block the gnoll's attack.
The gnoll hits you with a +0 whip.
* * * LOW HITPOINT WARNING * * *
You barely miss the gnoll. The gnoll hits you with a +0 spear.
You die...

#######.# #.#
###.......# #.#
....############.#######
....#............#.....#
....#†############.###.#
....#....<#..........#.#
....#######.######.#.#.#
............######.#.#.#
..............gg@#.#.#.#
...########.####g#.#.#.#
..............##.#.#.#.#
......^.......##.#.#.#.#
###...........##.#.#.#.#
###...........##.#.#.#.#
..##...####'####.#.#.#.#
#.##...# #.#
##.#.#.#.##### #.##...#
#.# #......#..)..#


You could see 3 gnolls.

Vanquished Creatures
  Sigmund (D:2)
  An iguana (D:4)
  4 adders
  2 gnolls
  3 dart slugs
  3 ball pythons
  6 bats
  2 endoplasms
  2 giant cockroaches
  8 goblins
  4 hobgoblins
  4 kobolds
  3 quokkas
  A frilled lizard (D:2)
  A rat (D:2)
45 creatures vanquished.

Notes
Turn   | Place    | Note
-------+----------+-------------------------------------------
     0 | D:1      | GeoRichter the Formicid Fighter began the quest for the
                  | Orb.
     0 | D:1      | Reached XP level 1. HP: 18/18 MP: 1/1
    80 | D:1      | Reached XP level 2. HP: 23/24 MP: 2/2
   203 | D:1      | Found a faded altar of an unknown god.
   240 | D:1      | Reached skill level 3 in Maces & Flails
   682 | D:2      | Reached XP level 3. HP: 29/29 MP: 3/3
  1163 | D:2      | Noticed Sigmund
  1169 | D:2      | Killed Sigmund
  1170 | D:2      | Reached skill level 5 in Maces & Flails
  1170 | D:2      | Reached XP level 4. HP: 29/35 MP: 4/4
  1170 | D:2      | Reached XP level 5. HP: 35/41 MP: 5/5
  1422 | D:2      | Reached XP level 6. HP: 47/47 MP: 6/6
  1431 | D:2      | Found a runed translucent door.
  1432 | D:2      | Noticed Crazy Yiuf
  2182 | D:3      | Found an iron altar of Okawaru.
  2210 | D:3      | Found a glowing golden altar of the Shining One.
  2214 | D:3      | Reached skill level 6 in Maces & Flails
  2224 | D:3      | Became a worshipper of the Shining One
  3257 | D:3      | HP: 2/47 [gnoll/+0 whip (5)]
  3261 | D:3      | Slain by a gnoll

Illustrated notes

Levels and vault maps discovered:
D:1:      dpeg_arrival_tiny_c, layout_loops_cross,
          ebering_ecumenical_altar_sacrificial
D:2:      layout_basic, minmay_curled_crystal, uniq_crazy_yiuf_cottage,
          uniq_sigmund
D:3:      layout_basic, nicolae_overflow_crystal_walls, lemuel_crystal_altar,
          nicolae_figureground_sparkle
D:4:      layout_basic, grunt_temple_overflow_opulence, uniq_blork_the_orc

Skill      XL: |  1  2  3  4  5  6 |
---------------+-------------------+-----
Maces & Flails | 3 5 6 |  6.4
Fighting       | |  3.2
Armour         | |  3.2
Shields        | |  4.0

Action                   |  1- 3 |  4- 6 || total
-------------------------+-------+-------++-------
Melee: Flail             |    49 |    81 ||   130
  Use: Potion            |     1 |       ||     1
Armor: Scale mail        |    17 |    29 ||    46
Dodge: Dodged            |     7 |    14 ||    21
Block: Buckler           |     3 |       ||     3
       Tower shield      |    26 |    70 ||    96
